 Dungeon Crawl Stone Soup version 0.28.0-53-g5a82cb258f (webtiles) character file.

Game seed: 8196604542292372252

542 Sin92 the Skirmisher (level 7, -1/55 HPs)
             Began as a Demonspawn Fighter on June 16, 2022.
             Killed from afar by Dowan (7 damage)
             ... with a puff of flame
             ... on level 4 of the Dungeon.
             The game lasted 00:04:01 (3665 turns).

Sin92 the Skirmisher (Demonspawn Fighter)           Turns: 3665, Time: 00:04:02

Health: -1/55      AC: 10    Str: 19    XL:     7   Next: 6%
Magic:  7/7        EV:  9    Int:  9    God:
Gold:   170        SH:  5    Dex: 12    Spells: 6/6 levels left

rFire   . . .      SeeInvis .   a - +1 war axe
rCold   . . .      Faith    .   c - +0 buckler
rNeg    + . .      Spirit   .   b - +1 scale mail
rPois   .          Reflect  .   (no helmet)
rElec   .          Harm     .   (no cloak)
rCorr   .          Rampage  .   (no gloves)
Will    +....                   (no boots)
Stlth   ..........              (no amulet)
HPRegen 0.18/turn               f - ring of willpower
MPRegen 0.10/turn               i - ring of positive energy

@: mighty
A: molten scales 1, foul stench 1, demonic touch 2
a: no special abilities


You were on level 4 of the Dungeon.
You visited 1 branch of the dungeon, and saw 4 of its levels.
You also visited: Sewer.

You collected 170 gold pieces.

Inventory:

Hand Weapons
 a - a +1 war axe (weapon)
Armour
 b - a +1 scale mail (worn)
 c - a +0 buckler (worn)
Jewellery
 f - a ring of willpower (left hand)
 i - a ring of positive energy (right hand)
Scrolls
 e - 2 scrolls of enchant armour
 h - a scroll of holy word
 j - a scroll of enchant weapon
 k - a scroll of identify
 l - a scroll of brand weapon {unknown}
Potions
 d - a potion of might
 g - a potion of heal wounds


   Skills:
 + Level 4.8 Fighting
 + Level 3.8 Axes
 + Level 4.3 Armour
 + Level 4.3 Shields


You had 6 spell levels left.
You didn't know any spells.
Your spell library contained the following spells:

 Spells                   Type           Power      Damage    Failure   Level
 Pain                     Necr           0%         1d4       83%         1
 Sublimation of Blood     Necr           0%         N/A       93%         2
 Wereblood                Tmut           0%         N/A       93%         2
 Agony                    Necr           0%         N/A       100%        5
 Excruciating Wounds      Necr           0%         N/A       100%        5
 Summon Hydra             Summ           0%         N/A       100%        7


Dungeon Overview and Level Annotations

Branches:
Dungeon (4/15)              Sewer (visited)
 Temple: D:4-7

Altars:
Gozag

Shops:
D:2 (   D:3 *

Annotations:
D:4 Dowan, Duvessa


Innate Abilities, Weirdness & Mutations

You are partially covered in molten scales. (AC +2)
You may rarely emit foul miasma when damaged in melee.
Your touch may inflict irresistible damage on your foes.


Message History

Dowan is lightly wounded.
You barely miss Duvessa. Dowan hits you but does no damage.
Duvessa hits you with a +4 short sword of electrocution.
Dowan points at you and mumbles some strange words.
The puff of flame hits you!
Unknown command.
You hit Dowan.
Dowan is moderately wounded.
You hit Duvessa but do no damage.
Duvessa hits you with a +4 short sword of electrocution!
You are electrocuted!
Dowan hits you with a +0 dagger.
Unknown command.
You are too injured to fight recklessly!
Unknown command.
You are too injured to fight recklessly!
Unknown command.
You are too injured to fight recklessly!
You are too injured to fight recklessly!
Unknown command.
There is a stone staircase leading up here.
You feel very mighty all of a sudden.
Duvessa hits you with a +4 short sword of electrocution.
* * * LOW HITPOINT WARNING * * *
Dowan hits you but does no damage.
You closely miss Dowan.
Dowan is moderately wounded.
You hit Duvessa. You block Duvessa's attack.
Dowan gestures at you while chanting.
The puff of flame hits you but does no damage.
Duvessa hits you but does no damage.
You barely miss Dowan.
Dowan is moderately wounded.
You barely miss Duvessa.
Dowan casts a spell.
Dowan blinks!
Duvessa hits you with a +4 short sword of electrocution!
* * * LOW HITPOINT WARNING * * *
Dowan points at you and mumbles some strange words.
The puff of flame hits you!
You die...

########
#......#####..
#.....@#......
#....§ee......
#......#.....#
#......####.##
######....# [.
#.....#
#.......#
#....#....
#....# .#.


You could see Duvessa and Dowan.

Vanquished Creatures
  Sigmund (D:2)
  Pargi (Sewer)
  A black bear (D:3)
  The ghost of Sin92 the Skirmisher, an amateur DsFi (D:3)
  4 adders
  An adder skeleton (D:3)
  2 worms
  2 dart slugs
  7 endoplasms
  6 giant cockroaches
  6 goblins
  5 hobgoblins
  4 quokkas
  3 ball pythons
  4 bats
  2 frilled lizards
  6 kobolds
  5 rats
61 creatures vanquished.

Notes
Turn   | Place    | Note
-------+----------+-------------------------------------------
     0 | D:1      | Sin92 the Demonspawn Fighter began the quest for the Orb.
     0 | D:1      | Reached XP level 1. HP: 18/18 MP: 1/1
   175 | D:1      | Gained mutation: You are partially covered in molten
                  | scales. (AC +2) [demonic ancestry]
   175 | D:1      | Reached XP level 2. HP: 15/24 MP: 2/2
  1021 | D:2      | Found a faded altar of an unknown god.
  1287 | D:2      | Gained mutation: Your touch may inflict minor irresistible
                  | damage on your foes. [demonic ancestry]
  1287 | D:2      | Reached XP level 3. HP: 29/29 MP: 3/3
  1529 | D:2      | Identified the +10 spear "Wevvuwk" {venom, Dex+6}
  1688 | D:2      | Found Juxtep's Weapon Boutique.
  1767 | D:2      | Noticed Sigmund
  1774 | D:2      | Killed Sigmund
  1775 | D:2      | Reached XP level 4. HP: 22/37 MP: 4/4
  1775 | D:2      | Gained mutation: You may rarely emit foul miasma when
                  | damaged in melee. [demonic ancestry]
  1775 | D:2      | Reached XP level 5. HP: 26/42 MP: 5/5
  2363 | D:3      | Found a glowing drain.
  2388 | Sewer    | Entered a sewer
  2441 | Sewer    | Noticed Pargi
  2450 | Sewer    | Killed Pargi
  2451 | Sewer    | Gained mutation: Your touch may inflict irresistible damage
                  | on your foes. [demonic ancestry]
  2451 | Sewer    | Reached XP level 6. HP: 22/49 MP: 6/6
  2961 | D:3      | Found an opulent altar of Gozag.
  2968 | D:3      | Found Gozag's Platinum Reserve.
  3124 | D:3      | Found a runed translucent door.
  3138 | D:3      | Noticed Sin92's ghost (amateur DsFi)
  3383 | D:3      | Killed Sin92's ghost
  3384 | D:3      | Reached XP level 7. HP: 9/55 MP: 7/7
  3652 | D:4      | Noticed Dowan
  3655 | D:4      | Noticed Duvessa
  3665 | D:4      | Killed from afar by Dowan

Illustrated notes

Levels and vault maps discovered:
D:1:      heliophobic_arrival_battle_scene, layout_loops_ring, serial_glass,
          glass_columns_a, glass_columns_b, glass_columns_a, glass_columns_a
D:2:      layout_basic, serial_shops,
          nicolae_shop_temple_entry_statues_fountains,
          nicolae_ecumenical_pavilion, minmay_misc_feat_square, st_stairs_2,
          uniq_sigmund
D:3:      layout_loops_ring, nicolae_gozag_zags_fifth_avenue,
          portal_sewer_entry_f, ebering_ghost_reflecting_pool, st_stairs_14
D:4:      layout_rooms, minmay_temple_entry_statues,
          minmay_fractal_squares_gapless_5, uniq_duvessa, uniq_eustachio

Skill      XL: |  1  2  3  4  5  6 |
---------------+-------------------+-----
Axes           | 2 3 |  3.8
Shields        | 3 4 |  4.3
Armour         | 3 4 |  4.3
Fighting       | 4 |  4.8

Action                   |  1- 3 |  4- 6 |  7- 9 || total
-------------------------+-------+-------+-------++-------
Melee: War axe           |    79 |   107 |     4 ||   190
  Use: Potion            |     2 |     1 |     1 ||     4
       Scroll            |     1 |     4 |       ||     5
Armor: Scale mail        |    41 |    61 |     4 ||   106
Dodge: Dodged            |    21 |    51 |     1 ||    73
Block: Buckler           |    16 |    27 |     1 ||    44
